Map: Ruins of Seras

Players

SticklerMac - Winner!

  • Race: Zerg Zerg
  • League: Silver

Acewon

  • Race: Zerg Zerg
  • League: Silver

VOD

Have the link to the VOD?

Description

Time

  • Played on: Oct. 1, 2015, 1:49 p.m.
  • Length: 8:20
Show
View Real Time Build Order
Export as new Build Order

SticklerMac Zerg - Winner!

Build Orders: Pool First, Zergling Baneling 

Get SALT Encoding   

  12  0:03  Drone  
  13  0:13  Overlord  
  13  0:17  Drone  
  14  0:32  Drone x2  
  16  0:39  Drone  
  17  0:46  Drone  
  18  0:50  Extractor  
  18  0:53  Spawning Pool  
  16  0:58  Drone  
  17  1:07  Drone  
  18  1:26  Hatchery  
  18  1:29  Drone  
  18  1:34  Drone  
  19  1:40  Drone  
  20  1:50  Overlord  
  20  1:52  Metabolic Boost  
  19  2:04  Drone  
  20  2:12  Drone  
  21  2:22  Drone  
  22  2:31  Queen  
  22  2:34  Drone  
  25  2:38  Queen  
  25  2:41  Zergling x2  
  25  2:44  Drone  
  29  2:50  Zergling x2  
  30  2:56  Zergling x2  
  31  3:00  Baneling Nest  
  31  3:01  Zergling x2  
  31  3:06  Zergling x2  
  32  3:15  Zergling x2  
  33  3:23  Zergling x4  
  35  3:29  Lair  
  35  3:30  Drone  
  35  3:48  Hatchery  
  34  3:52  Drone  
  34  3:54  Overlord x4  
  35  4:12  Evolution Chamber  
  34  4:19  Drone x2, Zergling x2  
  34  4:20  Drone x6  
  43  4:51  Baneling x2  
  43  4:52  Baneling x6  
  43  4:53  Zergling x14  
  50  5:01  Drone x2  
  50  5:04  Pneumatized Carapace  
  52  5:07  Spine Crawler  
  52  5:08  Queen  
  53  5:18  Zergling x2  
  53  5:19  Zergling x4  
  56  5:24  Drone x3  
  56  5:25  Drone x2  
  56  5:28  Drone  
  56  5:47  Zergling x2  
  56  5:48  Zergling x18  
  62  5:54  Zergling x4  
  60  6:13  Drone x4  
  60  6:14  Drone x6  
  70  6:18  Spire  
  70  6:20  Extractor  
  70  6:22  Extractor  
  70  6:25  Drone x3, Extractor  
  69  6:27  Drone  
  70  6:39  Drone  
  71  7:03  Zergling x2  
  71  7:04  Zergling x2  
  73  7:23  Overlord x6, Extractor x2  
  71  7:30  Spine Crawler  
  71  7:34  Spine Crawler  
  71  7:35  Drone x2, Spine Crawler  
  71  7:36  Drone x4, Spine Crawler  
  73  7:38  Spine Crawler  
  73  7:39  Spine Crawler  
  73  7:42  Mutalisk x3  
  73  7:43  Mutalisk x2  
  81  7:45  Spine Crawler  
  80  7:58  Drone x12  
  92  8:07  Drone x2  
Show
View Real Time Build Order
Export as new Build Order

Acewon Zerg 

Build Orders: Hatch First 

Get SALT Encoding   

  12  0:03  Drone  
  13  0:12  Drone  
  14  0:19  Overlord  
  14  0:37  Drone x3  
  17  0:48  Drone  
  18  1:00  Hatchery, Drone  
  18  1:08  Extractor  
  18  1:09  Drone  
  18  1:19  Spawning Pool  
  18  1:21  Drone  
  18  1:35  Drone  
  19  1:41  Overlord  
  19  2:08  Queen  
  19  2:09  Zergling x4  
  19  2:12  Metabolic Boost  
  23  2:15  Queen  
  23  2:17  Zergling x2  
  26  2:31  Drone x3  
  26  2:36  Baneling Nest  
  28  2:42  Drone  
  29  2:56  Queen  
  31  3:04  Zergling x6  
  34  3:06  Drone  
  34  3:07  Drone  
  34  3:09  Overlord  
  36  3:19  Baneling  
  36  3:20  Baneling  
  36  3:26  Baneling x3  
  35  3:45  Drone  
  35  3:47  Drone x3, Extractor, Roach Warren  
  35  3:48  Overlord  
  37  3:53  Zergling x4  
  37  3:54  Zergling x2  
  40  4:14  Drone x5  
  40  4:15  Drone x3  
  48  4:31  Zergling x2  
  48  4:32  Zergling x4  
  48  4:38  Extractor  
  50  4:39  Extractor  
  48  4:53  Zergling x8  
  48  4:56  Overlord x2  
  48  4:57  Overlord  
  52  5:10  Lair  
  52  5:15  Hatchery  
  37  5:43  Roach  
  37  5:44  Roach x7  
  37  5:45  Roach x3  
  42  6:13  Drone x5  
  47  6:18  Zergling x2  
  47  6:25  Zergling x6  
  51  6:27  Drone x2  
  53  6:41  Baneling x2  
  53  6:43  Drone x2  
  51  7:08  Baneling x2  
  51  7:09  Queen, Baneling x4  
  51  7:12  Queen  
  51  7:14  Drone x3  
  58  7:19  Roach  
  60  7:34  Roach x2  
  60  7:35  Roach  
  66  7:40  Drone x2  
  68  7:45  Ravager x2  
  70  7:56  Drone x3  
  73  8:01  Overlord  
Tags
 
Add a new tag
Caveats
  • Supply blocks, unpowered buildings, or Contaminate may cause inaccurate times.
  • Supply counts are checked every 10 seconds.